AoeStats
← kolemy

Black Forest

505901964Analyzed
2v2 RM · 20d ago on Sep 11, 2026· 57m 58s· 4 players
Game mode
Random Map
Map size
Medium (4 player)
Population
200
Speed
Normal
Resources
Standard
Victory
Conquest
Starting age
Dark Age
Ending age
Imperial Age
RankedLock teamsTeams togetherTeam positionsShared explorationLock speedFull tech treeHidden civsTurbo modeCheats
Victory
Defeat
🇳🇱 Turks · Netherlands
548
+19
🇹🇼 Vietnamese · Taiwan
542
+19
🇫🇷 Teutons · France
613
-19
🇬🇹 Vietnamese · Guatemala
601
-19
N{o}No
0:31 Loom
12:08 Feudal Age
12:38 Double-Bit Axe
12:39 Horse Collar
21:02 Castle Age
19:13 Stone Mining
19:39 Gold Mining
21:14 Wheelbarrow
21:59 Bow Saw
21:51 Heavy Plow
24:31 Fletching
24:41 Padded Archer Armor
25:32 Hand Cart
26:51 Stone Shaft Mining
27:38 Masonry
29:41 Ballistics
30:30 Bodkin Arrow
32:42 Caravan
35:31 Bloodlines
39:14 Imperial Age
37:34 Scale Barding Armor
37:35 Elite Skirmisher
39:04 Chain Barding Armor
38:55 Forging
39:45 Fortified Wall
41:05 Crop Rotation
41:10 Conscription
40:32 Cavalier
43:44 Iron Casting
43:45 Plate Barding Armor
44:12 Two-Man Saw
43:15 Imperial Skirmisher
kolemy
1:34 Loom
17:29 Feudal Age
17:56 Double-Bit Axe
17:57 Horse Collar
18:02 Fishing Lines
20:15 Wheelbarrow
19:26 Town Watch
27:09 Castle Age
26:33 Gold Mining
26:37 Stone Mining
26:48 Fletching
26:39 Man-at-Arms
27:05 Arson
28:36 Bow Saw
32:53 Treadmill Crane
33:34 Ballistics
33:11 Murder Holes
33:27 Fortified Wall
33:00 Crossbowman
33:45 Thumb Ring
33:40 Bodkin Arrow
34:07 Hand Cart
33:53 Town Patrol
36:25 Imperial Age
35:36 Heavy Plow
42:05 Chemistry
41:39 Bracer
41:02 Arbalester
43:16 Paper Money
42:57 Chatras
43:08 Padded Archer Armor
45:16 Two-Man Saw
44:54 Crop Rotation
45:13 Caravan
47:39 Elite Battle Elephant
57:10 Elite Skirmisher
IggyGoya
0:36 Loom
14:43 Feudal Age
16:01 Wheelbarrow
15:13 Double-Bit Axe
23:20 Gold Mining
26:17 Stone Mining
30:02 Castle Age
30:53 Caravan
31:25 Bow Saw
32:45 Gold Shaft Mining
32:06 Fletching
32:17 Padded Archer Armor
42:06 Imperial Age
44:14 Conscription
47:28 Hand Cart
47:01 Town Watch
47:08 Elite Janissary
OTSNK_ntujaychou
2:55 Loom
16:41 Feudal Age
17:13 Double-Bit Axe
18:16 Town Watch
19:15 Wheelbarrow
19:08 Horse Collar
21:51 Castle Age
19:46 Fletching
21:10 Stone Mining
21:49 Padded Archer Armor
22:10 Gold Mining
23:16 Bow Saw
24:07 Heavy Plow
25:13 Bodkin Arrow
26:55 Leather Archer Armor
28:59 Hand Cart
31:47 Treadmill Crane
35:46 Imperial Age
35:32 Stone Shaft Mining
35:44 Squires
35:48 Scale Mail Armor
35:59 Forging
36:40 Thumb Ring
37:09 Ballistics
37:12 Bracer
37:54 Crop Rotation
39:55 Ring Archer Armor
40:32 Chemistry
39:17 Elite Skirmisher
40:35 Elite Rattan Archer
41:50 Murder Holes
43:08 Caravan
44:25 Hoardings
44:12 Paper Money
45:55 Two-Man Saw
45:51 Imperial Skirmisher
47:30 Iron Casting
50:17 Chain Mail Armor
51:14 Elite Fire Lancer
51:43 Arson
56:29 Plate Mail Armor
Connection lost

Rejoining the realm…

Still unreachable

The connection could not be restored.

Session expired

The server has moved on; the page needs a fresh start.